 Dungeon Crawl Stone Soup version 0.31-a0-8-gd14b0f4ee2 (webtiles) character file.

Game seed: 5647595661694314149

275 Gargoyl the Trooper (level 6, -1/38 HPs)
             Began as a Gargoyle Berserker on May 7, 2023.
             Was a Priest of Trog.
             Slain by a hell rat (13 damage)
             ... in a sewer.
             The game lasted 00:03:14 (1901 turns).

Gargoyl the Trooper (Gargoyle Berserker)            Turns: 1901, Time: 00:03:14

Health: -1/38      AC: 13    Str: 20    XL:     6   Next: 24%
Magic:  6/6        EV: 10    Int:  8    God:    Trog [***...]
Gold:   154        SH:  0    Dex: 13    Spells: 5/5 levels left

rFire   + . .        a - +1 hand axe
rCold   . . .        (no shield)
rNeg    + . .        g - +0 scale mail
rPois   ∞            l - +0 helmet
rElec   +            (no cloak)
rCorr   .            n - +0 pair of gloves "Talolunu" {rPois rF+ Dex+2}
SInv    .            (no boots)
Will    .....        (no amulet) Stlth
                     (no ring)
HPRegen 0.26/turn    (no ring)
MPRegen 0.10/turn

%: no passive effects
@: no status effects
A: sickness immunity, AC +4, negative energy resistance 1, electricity
resistance, torment resistance 1, petrification resistance
a: Renounce Religion, Berserk, Trog's Hand


You were in a sewer.
You worshipped Trog.
Trog was most pleased with you.
You visited 1 branch of the dungeon, and saw 3 of its levels.
You also visited: Sewer.

You collected 154 gold pieces.

Inventory:

Hand Weapons
 a - a +1 hand axe (weapon)
 h - a +2 falchion of flaming
Missiles
 f - 5 curare-tipped darts (quivered)
Armour
 g - a +0 scale mail (worn)
 l - a +0 helmet (worn)
 n - the +0 pair of gloves "Talolunu" (worn) {rPois rF+ Dex+2}
   (You found it on level 2 of the Dungeon)

   Dex:       It affects your dexterity (+2).
   rF:        It protects you from fire.
   rPois:     It protects you from poison.
Wands
 p - a wand of iceblast (8)
Scrolls
 d - a scroll of immolation
 j - a scroll of poison
 k - a scroll of blinking {unknown}
 o - a scroll of fear {unknown}
 q - a scroll of vulnerability {unknown}
Potions
 c - a potion of heal wounds {unknown}
 i - a potion of ambrosia {unknown}
 m - a potion of haste {unknown}
 r - a potion of brilliance {unknown}


   Skills:
 + Level 4.2 Fighting
 + Level 2.3 Long Blades
 + Level 4.1 Axes
 + Level 3.2 Armour
 + Level 2.3 Dodging


You had 5 spell levels left.
You didn't know any spells.
Your spell library was empty.

Dungeon Overview and Level Annotations

Branches:
Dungeon (3/15)              Sewer (1/1)

Altars:


Innate Abilities, Weirdness & Mutations

You are immune to sickness and miasma.
Your stone body is resilient. (AC +4)
You are immune to poison.
You resist negative energy. (rN+)
You are resistant to electric shocks. (rElec)
You are resistant to unholy torment.
You are immune to petrification.


Message History

You barely miss the hell rat.
The hell rat is severely wounded.
The hell rat splashes around in the water.
You completely miss the hell rat.
The hell rat is severely wounded.
The hell rat barely misses you.
The hell rat bites you but does no damage.
You hit the hell rat but do no damage.
The hell rat is severely wounded.
The hell rat bites you.
You barely miss the hell rat.
The hell rat is severely wounded.
The hell rat closely misses you.
You barely miss the hell rat.
The hell rat is severely wounded.
The hell rat bites you. x2
You hit the hell rat.
The hell rat is almost dead.
The hell rat splashes around in the water.
You hit the hell rat but do no damage.
The hell rat is almost dead.
The hell rat splashes around in the water.
You hit the hell rat.
The hell rat is almost dead.
The hell rat bites you but does no damage.
The hell rat barely misses you.
You closely miss the hell rat.
The hell rat is almost dead.
The hell rat bites you but does no damage.
You hit the hell rat but do no damage.
You punch the hell rat, but do no damage.
The hell rat is almost dead.
The hell rat bites you but does no damage.
You barely miss the hell rat.
The hell rat is almost dead.
The hell rat bites you! The hell rat barely misses you.
You closely miss the hell rat.
The hell rat is almost dead.
The hell rat bites you!
You die...

##.~.∩.†~###
###.~~~~∩~r~~~###
#~~~~~#####~....#
##.~~###?∩!###.~~##
#~~.##~!)/?!.##.~.#
#.~.#~~.~~~.~~#.~~#
#~.~##~~~~~~~##~~~#
##~..###.r.###~..##
#~~~..##@##..~~.#
###.~~~.†~.~~.###
###.~~~..~###
#########


You could see a hell rat.

Vanquished Creatures
  A scorpion (D:3)
  An orc wizard (D:3)
  Robin (D:2)
  3 gnolls
  4 adders
  A river rat (Sewer)
  A worm (D:2)
  7 orcs
  6 ball pythons
  3 bats
  4 endoplasms
  2 giant cockroaches (D:3)
  10 hobgoblins
  4 jackals (D:2)
  7 kobolds
  3 quokkas
  5 frilled lizards
  17 goblins
  14 rats
94 creatures vanquished.

Notes
Turn   | Place    | Note
-------+----------+-------------------------------------------
     0 | D:1      | Gargoyl the Gargoyle Berserker began the quest for the Orb.
     0 | D:1      | Reached XP level 1. HP: 14/14 MP: 1/1
   109 | D:1      | Reached XP level 2. HP: 15/19 MP: 2/2
   747 | D:2      | Reached XP level 3. HP: 20/23 MP: 3/3
   786 | D:2      | Reached ** piety under Trog
   809 | D:2      | Noticed Robin
   822 | D:2      | Killed Robin
   826 | D:2      | Reached XP level 4. HP: 13/29 MP: 4/4
  1167 | D:2      | Identified the +0 pair of gloves "Talolunu" {rPois rF+
                  | Dex+2}
  1208 | D:2      | Reached skill level 1 in Long Blades
  1595 | D:3      | Reached XP level 5. HP: 23/33 MP: 5/5
  1676 | D:3      | Reached *** piety under Trog
  1772 | D:3      | Reached XP level 6. HP: 23/38 MP: 6/6
  1807 | D:3      | Found a glowing drain.
  1831 | Sewer    | Entered a sewer
  1901 | Sewer    | Slain by a hell rat

Illustrated notes

Levels and vault maps discovered:
D:1:      ebering_trefoil_3fold, layout_basic, reono_crystal_passage
D:2:      layout_rooms, minmay_misc_feat_x, palyth_stone_intersect, uniq_robin
D:3:      layout_rooms, portal_sewer_entry_f
Sewer:    sewer_hellmonk_bad_rat

Skill      XL: |  1  2  3  4  5 |
---------------+----------------+-----
Axes           | 3 4 |  4.1
Dodging        | 2 |  2.3
Fighting       | 4 |  4.2
Long Blades    | 1 2 |  2.3
Armour         | 3 |  3.2

Action                     |  1- 3 |  4- 6 || total
---------------------------+-------+-------++-------
  Melee: Hand axe          |    55 |    98 ||   153
         Falchion          |    52 |    67 ||   119
         Punch             |       |     4 ||     4
 Invoke: Berserk           |     1 |     2 ||     3
    Use: Scroll            |       |     4 ||     4
   Stab: Sleeping          |     1 |       ||     1
 Armour: Animal skin       |    22 |       ||    22
         Scale mail        |    51 |    95 ||   146
  Dodge: Dodged            |    88 |   115 ||   203

Table legend: (Time is in decaauts)
 A = Elapsed time spent in this place.
 B = Non-inter-level travel time spent in this place.
 C = Inter-level travel time spent in this place.
 D = Time resting spent in this place.
 E = Time spent auto-exploring this place.
 F = Levels seen in this place.
 G = Mean time per level.
                   A        B        C        D        E       F      G
               +--------+--------+--------+--------+--------+-----+--------+
         Total |   2000 |   1951 |     49 |     86 |   1120 |   4 |  500.0 |
       Dungeon |   1920 |   1871 |     49 |     86 |   1112 |   3 |  640.0 |
         Sewer |     80 |     80 |      0 |      0 |      8 |   1 |   80.0 |
               +--------+--------+--------+--------+--------+-----+--------+

Top non-repeatable levels by time:
     D:2: 906 daAuts
     D:1: 732 daAuts
     D:3: 280 daAuts
   Sewer: 80 daAuts
